 Dungeon Crawl Stone Soup version 0.31.0-32-g396128a36d (webtiles) character file.

Game seed: 10778594068027840517

43 ChadusMaximus the Caller (level 3, 0/26 HPs)
             Began as a Barachi Summoner on Mar 9, 2024.
             Slain by a goblin
             ... wielding a +0 club
             ... led by Robin
              (6 damage)
             ... on level 2 of the Dungeon.
             The game lasted 00:01:22 (936 turns).

ChadusMaximus the Caller (Barachi Summoner)          Turns: 936, Time: 00:01:22

Health: 0/26       AC:  2    Str: 15    XL:     3   Next: 58%
Magic:  1/7        EV: 12    Int: 17    God:
Gold:   36         SH:  0    Dex: 12    Spells: 1/7 levels left

rFire   . . .        d - +0 short sword
rCold   . . .        (no shield)
rNeg    . . .        a - +0 robe
rPois   .            (no helmet)
rElec   .            (no cloak)
rCorr   .            (no gloves)
SInv    .            (no boots)
Will    .....        (no amulet)
Stlth   ++           g - +6 ring of strength
HPRegen 0.24/turn    (no ring)
MPRegen 0.10/turn

%: no passive effects
@: unable to hop, inugami summoned, slow
A: amphibious, slowness 1, strong legs 1, +LOS
a: Hop


You were on level 2 of the Dungeon.
You visited 1 branch of the dungeon, and saw 2 of its levels.

You collected 36 gold pieces.

Inventory:

Hand Weapons
 d - a +0 short sword (weapon)
Armour
 a - a +0 robe (worn)
Jewellery
 g - a +6 ring of strength (left hand)
Scrolls
 c - 2 scrolls of identify {unknown}
Potions
 b - a potion of magic
 e - 2 potions of brilliance {unknown}
 f - a potion of invisibility {unknown}
 h - a potion of cancellation {unknown}


   Skills:
 + Level 1.6 Fighting
 - Level 2.1 Dodging
 - Level 1.7 Stealth
 + Level 2.7 Spellcasting
 * Level 5.6 Summonings


You had one spell level left.
You knew the following spells:

 Your Spells              Type           Power      Damage    Failure   Level
a - Summon Small Mammal   Summ           84%        N/A       1%          1
b - Call Canine Familiar  Summ           21%        N/A       5%          3
c - Call Imp              Summ           42%        N/A       2%          2

Your spell library contained the following spells:

 Spells                   Type           Power      Damage    Failure   Level
 Static Discharge         Conj/Air       4%         3-4/arc   26%         2
 Summon Blazeheart Golem  Fire/Summ      11%        N/A       50%         4
 Summon Lightning Spire   Summ/Air       11%        N/A       50%         4
 Airstrike                Air            1%         2d(1-17)  87%         4


Dungeon Overview and Level Annotations

Branches:
Dungeon (2/15)

Altars:

Annotations:
D:2 Robin


Innate Abilities, Weirdness & Mutations

You are amphibious.
You cover ground slowly.
You can hop short distances.
You have an extended range of vision and can be seen from far away.


Message History

The goblin dies!
Your cerulean imp hits the goblin with a -2 spear.
The goblin dies!
Robin roars a battlecry!
The hobgoblins go into a battle-frenzy!
Your cerulean imp closely misses the hobgoblin.
Robin throws the goblin at you!
Your inugami barely misses the hobgoblin.
The goblin completely misses you.
Your cerulean imp barely misses the hobgoblin.
The hobgoblin hits your inugami. Robin throws the goblin at you!
The goblin hits you with a +0 dagger.
Your inugami hits the hobgoblin!
The hobgoblin dies!
The goblin closely misses you. The goblin misses your cerulean imp.
Your cerulean imp barely misses the goblin.
The goblin misses you.
Your inugami completely misses the goblin.
The goblin hits your inugami but does no damage.
The goblin misses you.
The goblin hits your cerulean imp with a +0 dagger.
Unknown command.
Unknown command.
You hit the goblin.
The goblin is almost dead.
Your cerulean imp closely misses the goblin.
Robin throws the goblin at you! The goblin hits you with a +0 dagger.
Your inugami hits the goblin!
The goblin dies!
The goblin hits you with a +0 club. The goblin barely misses you.
Casting: Call Canine Familiar (quite dangerous; 5% risk of failure)
Confirm with . or Enter, or press ? or * to list all spells.
A hobgoblin comes into view.
The goblin closely misses you. The goblin hits you with a +0 club.
The goblin hits you with a +0 dagger.
Casting: Summon Small Mammal (safe; 1% risk of failure)
Confirm with . or Enter, or press ? or * to list all spells.
The goblin hits you with a +0 dagger.
* * * LOW HITPOINT WARNING * * *
The goblin hits you with a +0 club.
You die...

#....# # #..# #....# #.
..# # #....# .. .. ## .#
#....# #.# ##. .##.###
#...)# #.# #..#...... .
##.#.####.# #.#....##.g.
#.#......# #.#^.g..gg.g
#.##..##.######)gg.....g#
#.###.†..g@.rh5g#....####
#.###..#.#gg###.#....#
##.##.....##.r##.#....#
#.....#.....#....#....#
##.####.###..#..######..
##.# #..# ##....# .##
#..# #.## ####.# #
##.###..# .... #......#
.......


You could see Robin, 2 hobgoblins, 3 goblins, a friendly cerulean imp
(summoned), 2 friendly quokkas and a friendly inugami (summoned).

Vanquished Creatures
  2 dart slugs (D:1)
  4 ball pythons (D:1)
  A giant cockroach (D:2)
  3 kobolds (D:1)
  A quokka (D:1)
  A bat (D:1)
  2 frilled lizards (D:1)
  2 goblins
16 creatures vanquished.

Vanquished Creatures (collateral kills)
  A dart slug (D:1)
  3 bats (D:1)
  3 endoplasms
  5 goblins
  2 hobgoblins (D:2)
  A quokka (D:1)
  A ball python (D:1)
  2 frilled lizards (D:1)
  2 kobolds (D:1)
20 creatures vanquished.

Grand Total: 36 creatures vanquished

Notes
Turn   | Place    | Note
-------+----------+-------------------------------------------
     0 | D:1      | ChadusMaximus the Barachi Summoner began the quest for the
                  | Orb.
     0 | D:1      | Reached XP level 1. HP: 13/13 MP: 3/3
    25 | D:1      | Reached skill level 5 in Summonings
    76 | D:1      | Reached XP level 2. HP: 18/20 MP: 3/5
   133 | D:1      | Reached skill level 1 in Fighting
   189 | D:1      | Found a faded altar of an unknown god.
   360 | D:1      | Reached XP level 3. HP: 26/26 MP: 6/6
   755 | D:2      | Learned a level 3 spell: Call Canine Familiar
   758 | D:2      | Learned a level 2 spell: Call Imp
   922 | D:2      | Noticed Robin
   936 | D:2      | Slain by a goblin

Illustrated notes

Levels and vault maps discovered:
D:1:      heliophobic_arrival_henge, layout_basic, ebering_ecumenical_altar_box,
          due_unseen_surprise
D:2:      layout_rooms, uniq_jessica, uniq_crazy_yiuf_cottage, uniq_robin

Skill      XL: |  1  2 |
---------------+-------+-----
Summonings     | 5 |  5.6
Fighting       | 1 |  1.6
Dodging        | |  2.1
Stealth        | |  1.7
Spellcasting   | |  2.7

Action                     || total
---------------------------++-------
  Melee: Unarmed           ||    25
         Short sword       ||    53
         Punch             ||     1
   Cast: Summon Small Mamm ||    18
         Call Imp          ||     3
         Call Canine Famil ||     1
Ability: Hop               ||     1
   Stab: Distracted        ||     3
         Sleeping          ||     1
 Armour: Robe              ||    68
  Dodge: Dodged            ||    75
